 Dungeon Crawl Stone Soup version 0.28-a0-577-gb193047a1f (webtiles) character file.

Game seed: 6090530476511419705

1392 avis the Martial Artist (level 8, -3/55 HPs)
             Began as an Octopode Transmuter on Oct 2, 2021.
             Was an Initiate of Gozag.
             Slain by an unseen horror (11 damage)
             ... on level 5 of the Dungeon.
             The game lasted 00:36:24 (6640 turns).

avis the Martial Artist (Octopode Transmuter)       Turns: 6640, Time: 00:36:24

Health: -3/55      AC:  2    Str: 11    XL:     8   Next: 68%
Magic:  9/11       EV: 23    Int: 22    God:    Gozag
Gold:   193        SH:  0    Dex: 17    Spells: 3/11 levels left

rFire   . . .      SeeInvis .     - Unarmed
rCold   . . .      Faith    .   (shield currently unavailable)
rNeg    . . .      Spirit   .   (helmet currently unavailable)
rPois   x          Reflect  .   (no amulet)
rElec   .          Harm     .   g - +6 ring of intelligence
rCorr   .          Rampage  .   p - +4 ring of evasion
Will    .....                   (no ring)
Stlth   ++........              (no ring)
HPRegen 0.18/turn               (no ring)
MPRegen 0.12/turn               (no ring)
                                (no ring)
                                (no ring)

@: spider-form (expiring)
A: venomous fangs, almost no armour, (amphibious), 8 rings, tiny, (camouflage
1), (gelatinous body 1), (nimble swimmer 1), (tentacles)
a: End Transformation, Renounce Religion, Potion Petition, Call Merchant, Bribe
Branch


You were on level 5 of the Dungeon.
You worshipped Gozag.
Gozag was aware of your devotion.
You were a venomous arachnid creature.
You visited 2 branches of the dungeon, and saw 6 of its levels.

You collected 513 gold pieces.
You spent 274 gold pieces at shops.
You paid 46 gold pieces to Gozag.

Inventory:

Hand Weapons
 a - a +2 dagger of venom
 b - a +2 dagger of draining
 v - a +1 short sword of venom
 w - a +0 hunting sling
 E - a +0 falchion of draining
Missiles
 f - 6 atropa-tipped darts
 m - 177 stones
 n - 13 sling bullets
 q - 5 javelins
 r - a throwing net
 u - 14 poisoned darts
 x - a curare-tipped dart
 y - 41 arrows
Jewellery
 g - a +6 ring of intelligence (left front leg)
 p - a +4 ring of evasion (right front leg)
Wands
 t - a wand of digging (4)
Scrolls
 c - 4 scrolls of identify
 h - a scroll of teleportation {unknown}
 i - 2 scrolls of enchant weapon {unknown}
 j - a scroll of blinking {unknown}
 k - a scroll of fog {unknown}
 l - 3 scrolls of enchant armour
 B - a scroll of magic mapping
Potions
 d - a potion of haste {unknown}
 e - 2 potions of curing {unknown}
 o - a potion of might {unknown}
 s - a potion of attraction {unknown}
 z - a potion of magic {unknown}
 A - 2 potions of heal wounds
 C - a potion of lignification {unknown}
 D - a potion of flight {unknown}


   Skills:
 - Level 5.0 Fighting
 - Level 2.0 Dodging
 - Level 1.0 Stealth
 * Level 8.2 Unarmed Combat
 - Level 2.0 Spellcasting
 - Level 5.0 Transmutations
 - Level 1.0 Ice Magic


You had 3 spell levels left.
You knew the following spells:

 Your Spells              Type           Power      Damage    Failure   Level
a - Beastly Appendage     Tmut           48%        N/A       8%          1
p - Spider Form           Tmut/Pois      6%         N/A       32%         3
q - Ice Form              Ice/Tmut       15%        N/A       58%         4

Your spell library contained the following spells:

 Spells                   Type           Power      Damage    Failure   Level
 Wereblood                Tmut           24%        N/A       10%         2
 Summon Guardian Golem    Hex/Summ       2%         N/A       61%         3
 Orb of Destruction       Conj           1%         N/A       100%        7
 Spellforged Servitor     Conj/Summ      1%         N/A       100%        7


Dungeon Overview and Level Annotations

Branches:
Dungeon (5/15)             Temple (1/1) D:4

Altars:
Ashenzari
Cheibriados
Dithmenos
Elyvilon
Fedhas
Gozag
Hepliaklqana
Kikubaaqudgha
Makhleb
Nemelex Xobeh
Okawaru
Qazlal
Ru
Sif Muna
Trog
Uskayaw
Vehumet
Xom
Yredelemnul
Zin
The Shining One

Shops:
D:5 *


Innate Abilities, Weirdness & Mutations

You are a venomous arachnid creature.
You have poisonous fangs.
You are tiny and dextrous.
Your spellcasting is less reliable in this form.
Your armour is entirely melded.
You are incapable of wielding weapons or throwing items.
You cannot wear most types of armour.
((You are amphibious.))
You can wear up to eight rings at the same time.
((Your skin changes colour to match your surroundings (Stealth+).))
((Your rubbery body absorbs attacks. (AC +1, EV +1)))
((You are camouflaged near water. (Stealth+)))
((You have tentacles for arms and can constrict up to eight enemies at once.))


Message History

You hit the phantom.
The phantom is almost destroyed.
The phantom completely misses you.
You hit the phantom.
You destroy the phantom!
Your transformation is almost over.
You now have 188 gold pieces (gained 3).
You now have 193 gold pieces (gained 5).
You see here a +0 robe.
y - 41 arrows (gained 18)
Your transformation has ended.
e - 2 fizzy orange potions (gained 1)
You start resting.
Magic restored.
You start resting.
HP restored.
Something hits you.
Deactivating autopickup; reactivate with Ctrl-A.
Casting: Spider Form (dangerous; 14% risk of failure)
Confirm with . or Enter, or press ? or * to list all spells.
You turn into a venomous arachnid creature.
Something hits you.
You hit something but do no damage. Something hits you.
Something barely misses you. Something closely misses you. Something hits you.
Something closely misses you. Something barely misses you. Something hits you!
Something barely misses you. Something closely misses you.
You bite something! Something hits you. Something barely misses you.
Your transformation is almost over.
Something hits you.
You hit something. Something hits you but does no damage.
Something completely misses you.
You bite something! Something hits you!
* * * LOW HITPOINT WARNING * * *
Something hits you!
You die...
Your body crumbles into a pile of gold.

## #### #.# ...
## #.###.#
#.###..s.#
###.#.###.#
#.......#.# .#
#.......#.#####.#
#.......#.......#
###...#####.....#
#...# #.....#
##.######.....#
##.#..........#


There were no monsters in sight!

Vanquished Creatures
  Prince Ribbit (D:5)
  Eustachio (D:5)
  A water moccasin (D:5)
  A black bear (D:4)
  An ogre (D:4)
  A phantom (D:5)
  A kobold brigand (D:5)
  Blork the orc (D:5)
  A water moccasin zombie (D:5)
  A centaur zombie (D:4)
  4 hounds (D:4)
  4 iguanas
  A hound skeleton (D:5)
  Robin (D:2)
  4 gnolls (D:4)
  7 adders
  A shadow imp (D:5)
  A white imp (D:4)
  A worm (D:2)
  2 dart slugs
  2 orcs
  7 ball pythons
  7 bats
  6 endoplasms
  3 giant cockroaches
  14 goblins
  7 hobgoblins
  11 jackals
  15 kobolds
  A quokka (D:1)
  3 frilled lizards
  2 rats
114 creatures vanquished.

Notes
Turn   | Place    | Note
-------+----------+-------------------------------------------
     0 | D:1      | avis the Octopode Transmuter began the quest for the Orb.
     0 | D:1      | Reached XP level 1. HP: 13/13 MP: 3/3
    16 | D:1      | Reached skill level 1 in Stealth
    28 | D:1      | Reached XP level 2. HP: 8/18 MP: 1/5
  1131 | D:2      | Reached skill level 4 in Unarmed Combat
  1131 | D:2      | Reached XP level 3. HP: 14/23 MP: 3/6
  1164 | D:1      | Learned a level 3 spell: Spider Form
  1974 | D:2      | Reached XP level 4. HP: 29/29 MP: 5/7
  2001 | D:2      | Found a shimmering altar of Xom.
  2321 | D:2      | Noticed Robin
  2331 | D:2      | Killed Robin
  2710 | D:3      | Reached skill level 5 in Unarmed Combat
  2745 | D:3      | Reached XP level 5. HP: 32/34 MP: 8/8
  3067 | D:3      | Found a faded altar of an unknown god.
  3560 | D:4      | Found a staircase to the Ecumenical Temple.
  3584 | Temple   | Entered the Ecumenical Temple
  3673 | Temple   | Became a worshipper of Gozag Ym Sagoz the Greedy
  3857 | D:4      | Noticed an ogre
  3869 | D:4      | Killed an ogre
  3870 | D:4      | Reached XP level 6. HP: 42/42 MP: 5/9
  4247 | D:4      | Noticed a black bear
  4261 | D:4      | Reached skill level 6 in Unarmed Combat
  4282 | D:4      | Killed a black bear
  4283 | D:4      | Reached XP level 7. HP: 38/48 MP: 6/10
  4783 | D:4      | Learned a level 4 spell: Ice Form
  4806 | D:5      | Entered Level 5 of the Dungeon
  5694 | D:5      | Noticed Blork the orc
  5705 | D:5      | Killed Blork the orc
  5706 | D:5      | Reached skill level 7 in Unarmed Combat
  5886 | D:5      | Found Qeixayl's General Store.
  5894 | D:5      | Bought a potion of heal wounds for 55 gold pieces
  5894 | D:5      | Bought a scroll of identify for 22 gold pieces
  5894 | D:5      | Bought a scroll of magic mapping for 38 gold pieces
  5894 | D:5      | Bought a scroll of enchant armour for 82 gold pieces
  5894 | D:5      | Bought a potion of heal wounds for 55 gold pieces
  5894 | D:5      | Bought a scroll of identify for 22 gold pieces
  6009 | D:5      | Noticed Prince Ribbit
  6016 | D:5      | Killed Prince Ribbit
  6017 | D:5      | Reached skill level 5 in Fighting
  6017 | D:5      | Reached XP level 8. HP: 47/55 MP: 9/11
  6192 | D:5      | Reached skill level 5 in Transmutations
  6237 | D:5      | Noticed Eustachio
  6250 | D:5      | Killed Eustachio
  6251 | D:5      | Reached skill level 8 in Unarmed Combat
  6536 | D:5      | Reached skill level 1 in Ice Magic
  6640 | D:5      | Slain by an unseen horror

Illustrated notes

Levels and vault maps discovered:
D:1:      dpeg_arrival_stonehenge_12_columns, layout_loops_ring,
          serial_bayou_lake_a
D:2:      layout_loops_corners, basic_altar, uniq_robin
D:3:      layout_basic, ebering_ecumenical_altar_ruins
D:4:      layout_basic, minmay_temple_entry_crystal_x,
          hangedman_abyss_or_decor_lesser_grid
D:5:      layout_loops_cross, serial_shops, kennysheep_mini, uniq_eustachio,
          uniq_prince_ribbit1, uniq_blork_the_orc
Temple:   dpeg_three_leaves_temple

Skill      XL: |  1  2  3  4  5  6  7  8 |
---------------+-------------------------+-----
Stealth        | 1 |  1.0
Unarmed Combat | 4 5 6 7 8 |  8.2
Fighting       | 2 3 4 5 |  5.0
Transmutations | 3 4 5 |  5.0
Ice Magic      | 1 |  1.0
Dodging        | |  2.0
Spellcasting   | |  2.0

Action                   |  1- 3 |  4- 6 |  7- 9 || total
-------------------------+-------+-------+-------++-------
Melee: Unarmed           |    14 |    15 |    58 ||    87
       Tentacles         |    11 |    13 |    14 ||    38
       Constrict         |    15 |    25 |    18 ||    58
       Kick              |    10 |    23 |    20 ||    53
       Short sword       |    34 |       |       ||    34
       Punch             |     2 |     3 |     2 ||     7
       Dagger            |     8 |    91 |    56 ||   155
 Fire: Hunting sling     |       |     1 |       ||     1
 Cast: Beastly Appendage |    27 |    40 |    18 ||    85
       Spider Form       |       |     3 |     9 ||    12
 Stab: Sleeping          |     6 |    12 |     4 ||    22
       Distracted        |       |     1 |       ||     1
Armor: Skin              |       |     4 |     5 ||     9
Dodge: Dodged            |    28 |    61 |   113 ||   202

Table legend: (Time is in decaauts)
 A = Elapsed time spent in this place.
 B = Non-inter-level travel time spent in this place.
 C = Inter-level travel time spent in this place.
 D = Time resting spent in this place.
 E = Time spent auto-exploring this place.
 F = Levels seen in this place.
 G = Mean time per level.
                   A        B        C        D        E       F      G
               +--------+--------+--------+--------+--------+-----+--------+
         Total |   6645 |   6293 |    352 |   2243 |   2587 |   6 | 1107.5 |
       Dungeon |   6542 |   6190 |    352 |   2243 |   2513 |   5 | 1308.4 |
        Temple |    102 |    102 |      0 |      0 |     74 |   1 |  102.0 |
               +--------+--------+--------+--------+--------+-----+--------+

Top non-repeatable levels by time:
     D:4: 1706 daAuts
     D:2: 1341 daAuts
     D:1: 1297 daAuts
     D:3: 1144 daAuts
     D:5: 1053 daAuts
  Temple: 102 daAuts
